 Dungeon Crawl Stone Soup version 0.22-a0-348-gd16d1391c7 (webtiles) character file.

184706 Laan the Warrior (level 17, -5/145 HPs)
             Began as a Demonspawn Fighter on Apr 11, 2018.
             Was a Priest of Qazlal.
             Killed from afar by a hell knight (23 damage)
             ... with a bolt of fire
             ... on level 3 of the Depths.
             The game lasted 01:11:15 (28372 turns).

Laan the Warrior (Demonspawn Fighter)              Turns: 28372, Time: 01:11:16

Health: -5/145     AC: 34    Str: 30    XL:     17   Next: 78%
Magic:  0/17       EV: 11    Int:  7    God:    Qazlal [***...]
Gold:   1906       SH: 27    Dex: 23    Spells: 16/16 levels left

rFire    . . .     SeeInvis +   U - +2 demon trident (vamp)
rCold    + + .     Gourm    .   V - +0 large shield "Laofoudgh" {Regen+ Str+4 Int-3 Dex+7} (curse)
rNeg     . . .     Faith    .   S - +5 plate armour of the Circus Animal {rPois rC+ Str+2 Dex+4}
rPois    +         Spirit   +   T - +1 helmet
rElec    .         Reflect  .   d - scarf {repulsion}
rCorr    .         Harm     .   (gloves unavailable)
MR       +....                  F - +2 pair of boots {Stlth+}
Stlth    ..........             G - amulet of the acrobat
HPRegen  0.74/turn              Z - +5 ring of evasion
MPRegen  0.30/turn              i - ring of Xom's Righteous Fury {rC+ SInv}

@: studying Axes, repel missiles
A: claws 3, iridescent scales 3, spiny 3, magic shield, magic regeneration
a: Upheaval, Elemental Force, Renounce Religion


You were on level 3 of the Depths.
You worshipped Qazlal.
Qazlal was most pleased with you.
You were not hungry.

You visited 5 branches of the dungeon, and saw 27 of its levels.
You also visited: Labyrinth.

You collected 3082 gold pieces.
You spent 1176 gold pieces at shops.

Inventory:

Hand Weapons
 w - the +7 trident of Cheibriados's Hope {pierce, rPois MR+ SInv Stlth+}
   (You found it in a labyrinth)

   It inflicts extra damage upon your enemies.
   It protects you from poison.
   It affects your resistance to hostile enchantments.
   It lets you see invisible.
   It makes you more stealthy.
 U - a +2 vampiric demon trident (weapon)
 Y - a +6 demon trident of electrocution
Missiles
 O - 32 javelins (quivered)
Armour
 d - a scarf of repulsion (worn)
 F - a +2 pair of boots of stealth (worn)
 S - the +5 plate armour of the Circus Animal (worn) {rPois rC+ Str+2 Dex+4}
   (You found it in a labyrinth)

   It affects your strength (+2).
   It affects your dexterity (+4).
   It protects you from cold.
   It protects you from poison.
 T - a +1 helmet (worn)
 V - the cursed +0 large shield "Laofoudgh" (worn) {Regen+ Str+4 Int-3 Dex+7}
   (You took it off Louise on level 14 of the Dungeon)

   It affects your strength (+4).
   It affects your intelligence (-3).
   It affects your dexterity (+7).
   It increases your rate of regeneration.
   It has a curse placed upon it.
 W - the +3 chain mail of Losoir {rElec Str+4}
   (Okawaru gifted it to you on level 15 of the Dungeon)

   It affects your strength (+4).
   It insulates you from electricity.
Jewellery
 i - the ring of Xom's Righteous Fury (right claw) {rC+ SInv}
   (You found it on level 2 of the Depths)

   [ring of see invisible]

   It protects you from cold.
   It lets you see invisible.
 l - an uncursed ring of positive energy
 n - an uncursed ring of positive energy
 o - a +1 ring of protection
 q - a +3 ring of evasion
 r - an uncursed ring of resist corrosion
 x - an uncursed ring of see invisible
 G - an amulet of the acrobat (around neck)
 Z - a +5 ring of evasion (left claw)
Wands
 g - a wand of flame (141)
 A - a wand of disintegration (27)
 E - a wand of iceblast (25)
 I - a wand of scattershot (1)
 J - a wand of acid (54)
Scrolls
 e - 2 scrolls of amnesia
 h - 7 scrolls of remove curse
 j - 26 scrolls of identify
 m - 6 scrolls of teleportation
 p - 9 scrolls of enchant armour
 y - a scroll of blinking
 D - 3 scrolls of magic mapping
Potions
 a - a potion of berserk rage {unknown}
 b - 8 potions of curing
 k - 2 potions of flight
 s - a potion of invisibility
 v - 5 potions of lignification
 C - 4 potions of haste
 L - 3 potions of ambrosia
 P - 3 potions of cancellation
 R - 5 potions of mutation
 X - a potion of agility
Books
 u - a manual of Axes
Comestibles
 c - 45 chunks of flesh
 f - 44 rations


   Skills:
 + Level 16.5 Fighting
 - Level 14.0 Polearms
 + Level 15.3 Armour
 + Level 15.3 Shields


You had 16 spell levels left.
You didn't know any spells.

Dungeon Overview and Level Annotations

Branches:
Dungeon (15/15) Temple (1/1) D:5 Lair (6/6) D:8 Swamp (0/4) Lair:3 Snake (0/4) Lair:4 Slime (0/5) Lair:5 Orc (2/2) D:12 Elf (0/3) Orc:2 Vaults (0/5) D:12 D:13 Depths (3/5) D:15

Altars:
Ashenzari
Cheibriados
Dithmenos
Elyvilon
Fedhas
Gozag
Hepliaklqana
Kikubaaqudgha
Makhleb
Nemelex Xobeh
Okawaru
Qazlal
Ru
Sif Muna
Trog
Uskayaw
Vehumet
Wu Jian
Xom
Yredelemnul
Zin
The Shining One
Beogh

Shops:
D:12 ?   Orc:1 [   Orc:2 (=[*=:

Portals:
Hell: Depths:1 Depths:2 Depths:3
Abyss: Depths:3
Pandemonium: Depths:2
Trove: D:14 (give 15 potions of curing)


Innate Abilities, Weirdness & Mutations

You have claws for hands.
You are completely covered in iridescent scales. (AC +6)
You are completely covered in sharp spines.
When hurt, damage is shared between your health and your magic reserves.
You regenerate magic rapidly.


Message History

Your surroundings suddenly seem different.
A hell knight comes into view. It is wielding a halberd of flaming.
The hell knight shouts!
A hell knight comes into view. It is wielding an enchanted great mace.
The hell knight shouts!
A hell knight comes into view. It is wielding an enchanted long sword.
The hell knight shouts!
You block the hell knight's attack. x2
The hell knight hits you from afar with a halberd of flaming.
* * * LOW HITPOINT WARNING * * *
The hell knight burns you.
* * * LOW HITPOINT WARNING * * *
Found a potion of flight. 2 hell knights come into view.
A hell knight is wielding a broad axe of chopping.
You feel better.
The hell knight gestures at you while chanting.
The bolt of fire hits the hell knight.
The hell knight completely resists.
The bolt of fire hits you!
You die...

# #.. ##....
###++#..!...
#...........
+..p@ยง.....#
+.ppp....###
#..p..####
####++#


You could see 5 hell knights.

Vanquished Creatures
  A juggernaut (Depths:1)
  Saint Roka (Orc:2)
  Rupert (Lair:3)
  A deep elf blademaster (Depths:2)
  A titan (Depths:1)
  A sphinx (Depths:1)
  A storm dragon (Depths:1)
  2 tengu reavers (Depths:2)
  7 fire giants
  Louise (D:14)
  An orc warlord (Orc:2)
  3 frost giants
  10 stone giants
  A vampire knight (Depths:1)
  Azrael (D:14)
  A minotaur (Lab)
  A merfolk javelineer (Depths:2)
  10 ettins
  Josephine (Orc:2)
  4 ogre magi
  2 yaktaur captains
  6 great orbs of eyes
  Harold (Orc:1)
  3 fire dragons
  A rakshasa (D:15)
  9 hydras
  Erolcha (Orc:2)
  A catoblepas (Lair:4)
  A spriggan air mage (Depths:1)
  5 ice dragons
  A hell beast (Depths:2)
  Erica (D:10)
  3 centaur warriors
  4 deep troll earth magi (Depths:1)
  3 death yaks (Lair:3)
  14 two-headed ogres
  5 deep troll shamans
  Urug (D:13)
  2 vampire magi (Depths:1)
  4 orc high priests (Orc:2)
  A tengu warrior (Depths:1)
  A soul eater (Depths:2)
  Nergalle (Lair:3)
  2 deep elf knights
  A shadow wraith (D:12)
  6 hell knights (Depths:2)
  An unseen horror (shapeshifter) (Depths:3)
  3 iron trolls (Depths:2)
  2 skeletal warriors
  5 large abominations (Depths:1)
  An unseen horror (D:13)
  A spark wasp zombie (Depths:1)
  A gelid demonspawn (Depths:2)
  2 swamp dragons
  7 deep trolls
  A glowing orange brain (Depths:1)
  3 deep elf archers
  2 lindwurms
  2 wizards
  6 deep elf magi
  2 necromancers (Depths:1)
  3 orc knights (Orc:2)
  12 ugly things
  4 orc sorcerers (Orc:2)
  4 oklob plants
  4 cyclopes
  20 elephants
  3 black mambas
  A frost giant skeleton (Depths:1)
  Maurice (D:8)
  2 manticores
  9 spiny frogs
  A yaktaur zombie (Depths:1)
  An orange demon (Depths:2)
  2 gargoyles
  A centaur zombie (D:13)
  A centaur skeleton (D:15)
  8 yaktaurs
  8 rime drakes
  8 komodo dragons
  2 spriggan zombies (Depths:1)
  A tengu conjurer (Depths:1)
  A redback zombie (D:15)
  A minotaur skeleton (Lab)
  5 trolls
  2 polar bears (Lair:6)
  5 hornets (Lair:6)
  17 slime creatures
  17 blink frogs
  A blink frog (shapeshifter) (D:14)
  19 hippogriffs
  15 dream sheep
  A fire giant simulacrum (Depths:1)
  13 spriggans (Lair:6)
  A fire dragon skeleton (Depths:1)
  A shadow (D:14)
  9 wraiths
  46 yaks
  6 wyverns
  16 humans
  3 fire elementals (D:14)
  10 basilisks
  3 water elementals (Depths:2)
  4 hungry ghosts
  Menkaure (D:5)
  A steam dragon (D:10)
  A warg (Orc:2)
  10 water moccasins
  6 nagas (Lair:4)
  4 hell hounds (D:14)
  5 porcupines
  34 orc warriors
  3 ice beasts
  6 black bears
  6 phantoms
  A deep troll simulacrum (Depths:1)
  2 sky beasts
  22 wolves
  6 boggarts
  An eye of draining (D:15)
  22 ogres
  19 centaurs
  11 crocodiles
  3 big kobolds (D:12)
  Blork the orc (D:5)
  21 bullfrogs
  A wyvern zombie (D:11)
  7 small abominations (Depths:1)
  5 scorpions
  A tengu zombie (Depths:1)
  8 wights
  12 killer bees
  2 electric eels (Lair:4)
  6 crimson imps
  4 lava snakes (Lab)
  A quasit (D:8)
  2 bullfrog zombies
  4 jellies
  A wyvern simulacrum (D:14)
  24 orc priests
  5 hounds
  7 iguanas
  39 orc wizards
  3 bullfrog skeletons
  Ijyb (D:5)
  3 worker ants
  2 hound skeletons
  A howler monkey zombie (D:7)
  A worker ant zombie (D:7)
  18 adders
  6 shadow imps
  2 adder skeletons (D:5)
  An adder zombie (D:5)
  A worm (D:2)
  4 dart slugs
  3 leopard geckos
  102 orcs
  12 bats
  8 giant cockroaches
  9 goblins
  10 hobgoblins
  19 jackals
  A quokka (D:3)
  5 ball pythons
  2 frilled lizards
  3 kobolds (D:1)
  23 rats
  A plant (Lair:5)
1017 creatures vanquished.

Vanquished Creatures (others)
  Nessos (Lair:4)
  A centaur warrior (D:13)
  A centaur (D:12)
  An orc priest (Orc:1)
  19 fungi
  15 plants
  10 toadstools (Lair:4)
48 creatures vanquished.

Grand Total: 1065 creatures vanquished

Notes
Turn   | Place    | Note
-------+----------+-------------------------------------------
     0 | D:1      | Laan the Demonspawn Fighter began the quest for the Orb.
     0 | D:1      | Reached XP level 1. HP: 18/18 MP: 1/1
    36 | D:1      | Gained mutation: You are partially covered in sharp spines. [demonic ancestry]
    36 | D:1      | Reached XP level 2. HP: 22/24 MP: 2/2
   178 | D:1      | Gained mutation: You are partially covered in iridescent scales. (AC +2) [demonic ancestry]
   178 | D:1      | Reached XP level 3. HP: 15/29 MP: 3/3
   667 | D:2      | Reached XP level 4. HP: 33/35 MP: 4/4
   679 | D:2      | Found a radiant altar of Vehumet.
   793 | D:2      | Found a white marble altar of Elyvilon.
   838 | D:2      | Found an opulent altar of Gozag.
  1345 | D:3      | Reached XP level 5. HP: 14/41 MP: 5/5
  1766 | D:3      | Reached skill level 5 in Polearms
  1831 | D:3      | Found an ancient bone altar of Kikubaaqudgha.
  1994 | D:3      | Found a hazy altar of Hepliaklqana.
  2301 | D:4      | Gained mutation: You are mostly covered in iridescent scales. (AC +4) [demonic ancestry]
  2301 | D:4      | Reached XP level 6. HP: 38/47 MP: 6/6
  2711 | D:4      | Found a basalt altar of Yredelemnul.
  3172 | D:5      | Entered Level 5 of the Dungeon
  3217 | D:5      | Noticed a sky beast
  3230 | D:5      | Killed a sky beast
  3250 | D:5      | Noticed Menkaure
  3259 | D:5      | Killed Menkaure
  3259 | D:5      | Gained mutation: You have sharp fingernails. [demonic ancestry]
  3259 | D:5      | Reached XP level 7. HP: 16/52 MP: 7/7
  3520 | D:5      | Noticed Ijyb
  3539 | D:5      | Killed Ijyb
  3616 | D:5      | Found a staircase to the Ecumenical Temple.
  3630 | Temple   | Entered the Ecumenical Temple
  3830 | Temple   | Became a worshipper of Warmaster Okawaru
  3990 | D:5      | Noticed Blork the orc
  4002 | D:5      | Killed Blork the orc
  4058 | D:5      | Reached skill level 4 in Fighting
  4326 | D:6      | Gained mutation: You are completely covered in iridescent scales. (AC +6) [demonic ancestry]
  4326 | D:6      | Reached XP level 8. HP: 58/60 MP: 8/8
  4500 | D:6      | Found a sparkling altar of Nemelex Xobeh.
  4503 | D:6      | Reached * piety under Okawaru
  4687 | D:6      | Found a deep blue altar of Sif Muna.
  5104 | D:7      | Noticed a hippogriff
  5116 | D:7      | Killed a hippogriff
  5116 | D:7      | Reached skill level 5 in Fighting
  5324 | D:7      | Reached ** piety under Okawaru
  5332 | D:7      | Found a glowing silver altar of Zin.
  5332 | D:7      | Found a glowing golden altar of the Shining One.
  5333 | D:7      | Found a white marble altar of Elyvilon.
  5533 | D:7      | Reached XP level 9. HP: 55/68 MP: 9/9
  6000 | D:8      | Reached skill level 5 in Shields
  6072 | D:8      | Reached skill level 5 in Armour
  6256 | D:8      | Found a hide-covered altar of Uskayaw.
  6411 | D:8      | Found a shimmering altar of Xom.
  6488 | D:8      | Found a staircase to the Lair.
  6523 | D:9      | Noticed Maurice
  6581 | D:8      | Reached *** piety under Okawaru
  6581 | D:8      | Reached skill level 6 in Fighting
  6729 | D:8      | Killed Maurice
  6881 | D:9      | Noticed a troll
  6897 | D:9      | Killed a troll
  7161 | D:9      | Gained mutation: You have very sharp fingernails. [demonic ancestry]
  7161 | D:9      | Reached XP level 10. HP: 77/77 MP: 10/10
  7309 | D:9      | Found a glowing silver altar of Zin.
  7471 | D:9      | Reached skill level 10 in Polearms
  7475 | D:9      | Reached **** piety under Okawaru
  8031 | D:10     | Entered Level 10 of the Dungeon
  8071 | D:10     | Noticed a two-headed ogre
  8083 | D:10     | Killed a two-headed ogre
  8083 | D:10     | Reached skill level 7 in Fighting
  8355 | D:10     | Noticed a purple ugly thing
  8377 | D:10     | Killed a purple ugly thing
  8377 | D:10     | Reached ***** piety under Okawaru
  8635 | D:10     | Noticed Erica
  8665 | D:10     | Killed Erica
  8998 | D:10     | Gained mutation: When hurt, damage is shared between your health and your magic reserves. [demonic ancestry]
  8998 | D:10     | Reached XP level 11. HP: 81/85 MP: 11/11
  9292 | D:11     | Received a gift from Okawaru
  9642 | D:11     | Noticed a skeletal warrior
  9643 | D:11     | Noticed a skeletal warrior
  9644 | D:11     | Noticed a skeletal warrior
  9649 | D:11     | Noticed a sixfirhy
  9785 | D:11     | Reached skill level 8 in Fighting
  9868 | D:10     | Killed a skeletal warrior
 10313 | Lair:1   | Entered Level 1 of the Lair of Beasts
 10467 | Lair:1   | Found a labyrinth entrance.
 10476 | Lab      | Entered a labyrinth
 10831 | Lab      | Found an exit through the horrors of the Abyss.
 10941 | Lab      | Noticed a minotaur
 10976 | Lab      | Killed a minotaur
 10996 | Lab      | Got a transparent trident
 10996 | Lab      | Got a steaming plate armour
 10999 | Lab      | Identified the +7 trident of Cheibriados's Hope {pierce, rPois MR+ SInv Stlth+} (You found it in a labyrinth)
 11002 | Lab      | Identified the +5 plate armour of the Circus Animal {rPois rC+ Str+2 Dex+4} (You found it in a labyrinth)
 12599 | Lair:3   | Noticed Rupert
 12611 | Lair:3   | Killed Rupert
 12611 | Lair:3   | Reached skill level 9 in Fighting
 12611 | Lair:3   | Reached XP level 12. HP: 60/95 MP: 6/12
 12694 | Lair:3   | Received a gift from Okawaru
 12698 | Lair:3   | Noticed a death yak
 12698 | Lair:3   | Found a staircase to the Swamp.
 12698 | Lair:3   | Noticed a death yak
 12699 | Lair:3   | Noticed a death yak
 12726 | Lair:3   | Killed a death yak
 12737 | Lair:3   | Killed a death yak
 12753 | Lair:3   | Killed a death yak
 13093 | Lair:3   | Noticed a six-headed hydra
 13102 | Lair:3   | Killed a six-headed hydra
 13137 | Lair:3   | Noticed a seven-headed hydra
 13143 | Lair:3   | Killed a seven-headed hydra
 13460 | Lair:3   | Received a gift from Okawaru
 13470 | Lair:3   | Got a faintly humming robe {god gift}
 13477 | Lair:3   | Noticed Nergalle
 13489 | Lair:3   | Killed Nergalle
 13489 | Lair:3   | Reached skill level 10 in Fighting
 13835 | Lair:4   | Gained mutation: You regenerate magic rapidly. [demonic ancestry]
 13835 | Lair:4   | Reached XP level 13. HP: 102/103 MP: 13/13
 13850 | Lair:4   | Found a staircase to the Snake Pit.
 13916 | Lair:4   | Noticed Nessos
 13922 | Lair:4   | Killed Nessos
 14005 | Lair:4   | Found a runed door.
 15211 | Lair:5   | Found a staircase to the Slime Pits.
 15245 | Lair:5   | Reached ****** piety under Okawaru
 15569 | Lair:5   | Reached skill level 10 in Shields
 15690 | Lair:5   | Reached skill level 10 in Armour
 15734 | Lair:5   | Reached skill level 11 in Fighting
 16321 | Lair:5   | Received a gift from Okawaru
 16358 | Lair:6   | Entered Level 6 of the Lair of Beasts
 16818 | Lair:6   | Gained mutation: You are mostly covered in sharp spines. [demonic ancestry]
 16818 | Lair:6   | Reached XP level 14. HP: 113/113 MP: 14/14
 17590 | Lair:6   | Received a gift from Okawaru
 17981 | Lair:6   | Reached skill level 12 in Fighting
 18114 | Lair:6   | Identified a scroll of acquirement
 18676 | D:12     | Identified the Tome of Beguiling and Weightlessness
 18714 | D:12     | Found a staircase to the Orcish Mines.
 18935 | D:12     | Found Sonnoboc's Magic Scroll Boutique.
 18945 | D:12     | Bought a scroll of acquirement for 832 gold pieces
 18945 | D:12     | Bought a scroll of enchant weapon for 120 gold pieces
 18946 | D:12     | Got a translucent iron ring
 18948 | D:12     | Identified the ring of Itiw {+Fly rPois MR+ Dex-5} (You acquired it on level 12 of the Dungeon)
 19616 | D:13     | Found a gate to the Vaults.
 19616 | D:13     | Noticed Urug
 19660 | D:12     | Received a gift from Okawaru
 19727 | D:13     | Killed Urug
 20096 | D:13     | Reached XP level 15. HP: 122/122 MP: 15/15
 20266 | D:14     | Reached skill level 13 in Fighting
 20421 | D:14     | Received a gift from Okawaru
 20519 | D:14     | Noticed Louise
 20546 | D:14     | Killed Louise
 20549 | D:14     | Got an ancient large shield
 20550 | D:14     | Identified the cursed +0 large shield "Laofoudgh" {Regen+ Str+4 Int-3 Dex+7} (You took it off Louise on level 14 of the Dungeon)
 20643 | D:14     | Found a portal to a secret trove of treasure.
 20813 | D:14     | Noticed Azrael
 20832 | D:14     | Killed Azrael
 20944 | D:15     | Entered Level 15 of the Dungeon
 20991 | D:15     | Received a gift from Okawaru
 21009 | D:15     | Got a faintly glowing chain mail {god gift}
 21652 | D:15     | Found an iron altar of Okawaru.
 21776 | D:15     | Found a staircase to the Depths.
 21976 | Orc:1    | Entered Level 1 of the Orcish Mines
 21976 | Orc:1    | Noticed Harold
 22005 | Orc:1    | Killed Harold
 22170 | Orc:1    | Found Rileaxte's Antique Armour Boutique.
 22178 | Orc:1    | Bought a glowing scarf for 224 gold pieces
 22222 | Orc:1    | Identified the +3 chain mail of Losoir {rElec Str+4} (Okawaru gifted it to you on level 15 of the Dungeon)
 22360 | Orc:2    | Entered Level 2 of the Orcish Mines
 22362 | Orc:2    | Noticed Erolcha
 22371 | Orc:2    | Killed Erolcha
 22746 | Orc:2    | Found a roughly hewn altar of Beogh.
 22823 | Orc:2    | Noticed Josephine
 22841 | Orc:2    | Killed Josephine
 22841 | Orc:2    | Reached skill level 14 in Fighting
 22921 | Orc:2    | Found a staircase to the Elven Halls.
 22923 | Orc:2    | Paralysed by an orc sorcerer for 4 turns
 23004 | Orc:2    | Found Suitif's Jewellery Shoppe.
 23031 | Orc:2    | Noticed an orc warlord
 23085 | Orc:2    | Killed an orc warlord
 23085 | Orc:2    | Received a gift from Okawaru
 23085 | Orc:2    | Paralysed by an orc sorcerer for 3 turns
 23535 | Orc:2    | Found Jeofrog's Book Boutique.
 23560 | Orc:2    | Noticed Saint Roka
 23601 | Orc:2    | Killed Saint Roka
 23601 | Orc:2    | Gained mutation: You have claws for hands. [demonic ancestry]
 23601 | Orc:2    | Reached XP level 16. HP: 73/134 MP: 4/16
 23801 | Orc:2    | Found Zoine's Antique Armour Shop.
 23802 | Orc:2    | Found Xicepueq's Antique Weapon Boutique.
 23803 | Orc:2    | Found Loc Simp's General Store.
 23803 | Orc:2    | Found Ycipsoun's Jewellery Shop.
 24219 | Depths:1 | Entered Level 1 of the Depths
 24256 | Depths:1 | Found a gateway to Hell.
 24592 | Temple   | Fell from the grace of Okawaru
 24592 | Temple   | Became a worshipper of Qazlal Stormbringer
 24721 | D:9      | You fall through a shaft for 3 floors!
 25206 | Depths:1 | Reached * piety under Qazlal
 25386 | Depths:1 | Reached skill level 15 in Fighting
 25519 | Depths:1 | Noticed a titan
 25520 | Depths:1 | Reached ** piety under Qazlal
 25534 | Depths:1 | Killed a titan
 26239 | Depths:2 | Noticed a tengu reaver
 26244 | Depths:2 | Noticed a sphinx
 26268 | Depths:2 | Killed a tengu reaver
 26272 | Depths:2 | Noticed a storm dragon
 26277 | Depths:2 | Noticed a juggernaut
 26293 | Depths:1 | Killed a sphinx
 26363 | Depths:1 | Killed a juggernaut
 26386 | Depths:1 | Killed a storm dragon
 26386 | Depths:1 | Gained mutation: You are completely covered in sharp spines. [demonic ancestry]
 26386 | Depths:1 | Reached XP level 17. HP: 61/142 MP: 6/17
 26500 | Depths:1 | Paralysed by something for 2 turns
 26920 | Depths:2 | Got a glittering iron ring
 27125 | Depths:1 | Reached *** piety under Qazlal
 27125 | Depths:1 | Reached skill level 16 in Fighting
 27182 | Depths:1 | Identified the ring of Xom's Righteous Fury {rC+ SInv} (You found it on level 2 of the Depths)
 27276 | Depths:2 | Got an ichor-stained chain mail
 27277 | Depths:2 | Identified the +4 chain mail of the Trout {rElec Str+4 Dex-4} (You found it on level 2 of the Depths)
 27303 | Depths:2 | Found a one-way gate leading to the halls of Pandemonium.
 27345 | Depths:2 | Reached skill level 15 in Armour
 27526 | Depths:2 | Reached skill level 15 in Shields
 27874 | Depths:2 | Noticed a deep elf blademaster
 27896 | Depths:2 | Killed a deep elf blademaster
 28134 | Depths:3 | Found a one-way gate to the infinite horrors of the Abyss.
 28356 | Depths:3 | Paralysed by a vampire knight for 6 turns
 28372 | Depths:3 | Killed from afar by a hell knight

Vault maps used:
D:1:      erik_arrival_orb_chamber, minmay_heptomino_d4
D:2:      vehumet_crystals, nicolae_gozag_cash_rules_everything_around_me,
          elyvilon_altar_4
D:3:      overflow_temple_1_default, lemuel_crystal_altar, grunt_ministairs_1
D:4:      lemuel_round_altar, first_ration
D:5:      minmay_temple_entry_overgrown, serial_park_tiny_2, uniq_ijyb,
          uniq_blork_the_orc, uniq_menkaure
D:6:      nemelex_xobeh_ov_fountains_minmay, tgw_sif, dk_rats_in_the_wall
D:7:      good_gods_mini_temple, kennysheep_potato
D:8:      marbit_many_paths, kennysheep_little_box, lair_entry_dummy
D:9:      basic_altar, uniq_maurice
D:10:     uniq_erica
D:12:     orc_0_dummy, serial_shops, shop_fountains, hangedman_ranch,
          lemuel_old_faithful
D:13:     david_vaults_3
D:14:     minmay_staircase_statues_hall_small, nicolae_trove_entry_crossroad,
          uniq_azrael, uniq_louise
D:15:     grunt_enter_depths_hoard, okawaru_ov_weapons_minmay,
          grunt_ministairs_11
Temple:   dpeg_chambers_temple
Lair:1:   lab_entry_generic
Lair:3:   minmay_swamp_entry_reptiles, minmay_lair_oklob_chamber, uniq_rupert,
          uniq_nergalle
Lair:4:   gammafunk_lair_enchanted_lake, minmay_snake_entry_guardpost_medium,
          minivault_11, st_stairs_6, serial_bayou_shore_a, uniq_nessos
Lair:5:   minmay_slime_entry_oklob_open, hibernation_bobbens,
          infiniplex_staircase_pool, lemuel_fruit_fields
Lair:6:   minmay_lair_end_enchanted_forest, infiniplex_staircase_pool_2,
          grunt_megastairs_5
Orc:1:    serial_shops, shop, uniq_harold
Orc:2:    st_orc_congregation, serial_shops, nicolae_shop_crystal, shop,
          minmay_orc_temple_a, uniq_erolcha, uniq_josephine, uniq_saint_roka
Depths:1: hell_entry, minmay_tree_intersection, laboratory, grunt_megastairs_2
Depths:2: minmay_the_grid_square_5x5_3x3, kennysheep_small_spiral,
          rand_demon_pan_entry_5, hell_entry
Depths:3: grunt_runaround, hell_entry, abyss_entry, pan_entry, uniq_nikola
Lab:      labyrinth_spiral, lab_statue, nicolae_lab_checkerboard,
          nicolae_lab_quarters, nicolae_lab_grate, nicolae_lab_flowing_pool,
          labyrinth_skeletal_remains, nicolae_lab_arrow, nicolae_lab_t_cross,
          labyrinth_lava_lair, lab_fountain, labyrinth_fake_exit,
          labyrinth_glass_2, nicolae_lab_lava, nicolae_lab_grate_2,
          nicolae_lab_blocks, nicolae_lab_dead_end, lab_block

Skill      XL: |  1  2  3  4  5  6  7  8  9 10 11 12 13 14 15 16 17 |
---------------+----------------------------------------------------+-----
Polearms       | 2 3 4 5 6 7 8 9 10 12 13 14 | 14.0
Armour         | 3 4 5 7 8 9 10 12 13 14 15 | 15.3
Shields        | 3 4 5 7 8 9 10 12 13 14 15 | 15.3
Fighting       | 4 5 6 7 9 10 11 12 14 15 16 | 16.5

Action                   |  1- 3 |  4- 6 |  7- 9 | 10-12 | 13-15 | 16-18 || total
-------------------------+-------+-------+-------+-------+-------+-------++-------
Melee: Trident           |   134 |   217 |   514 |   869 |   618 |       ||  2352
       Demon trident     |       |       |       |       |  1251 |  1391 ||  2642
Throw: Javelin           |       |       |       |     7 |       |       ||     7
Invok: Heroism           |       |       |       |     4 |     4 |       ||     8
Evoke: Wand              |       |       |     8 |     6 |       |       ||    14
  Use: Scroll            |       |     1 |     2 |    23 |    16 |     7 ||    49
       Potion            |       |     1 |     2 |     7 |     4 |     8 ||    22
 Stab: Invisible         |       |       |       |       |     2 |       ||     2
  Eat: Chunk             |       |     8 |     9 |    19 |    25 |    14 ||    75
       Ration            |       |       |     4 |     1 |     4 |     1 ||    10
Armor: Scale mail        |    52 |     8 |       |       |       |       ||    60
       Plate armour      |       |    68 |       |    77 |   634 |   425 ||  1204
       Crystal plate arm |       |    15 |   345 |   238 |       |       ||   598
Dodge: Dodged            |    34 |    21 |    15 |    80 |   384 |   260 ||   794
       Deflected         |       |       |       |       |       |    11 ||    11
Block: Shield            |    57 |    67 |   210 |   145 |       |       ||   479
       Buckler           |       |       |       |    96 |   289 |       ||   385
       Reflection        |       |       |       |     4 |    27 |       ||    31
       Large shield      |       |       |       |       |   527 |  1245 ||  1772

Table legend:
 A = Spawn XP
 B = Non-spawn XP
 C = Spawn XP percentage of total XP
 D = Spawn monster count
 E = Non-spawn monster count
 F = Spawn count percentage of total count
 G = Total turns spent on level
                    A         B        C        D         E        F      G
               +---------+---------+-------+---------+---------+-------+---------
         Total |       0 |  274266 |   0.0 |       0 |     995 |   0.0 | 28372
               +---------+---------+-------+---------+---------+-------+---------
           D:1 |       0 |      85 |   0.0 |       0 |      51 |   0.0 |   631
           D:2 |       0 |      46 |   0.0 |       0 |      17 |   0.0 |   560
           D:3 |       0 |     196 |   0.0 |       0 |      33 |   0.0 |  1088
           D:4 |       0 |     152 |   0.0 |       0 |      14 |   0.0 |   893
           D:5 |       0 |     915 |   0.0 |       0 |      23 |   0.0 |  1000
           D:6 |       0 |     554 |   0.0 |       0 |      10 |   0.0 |   700
           D:7 |       0 |    1149 |   0.0 |       0 |      20 |   0.0 |  1028
           D:8 |       0 |    2018 |   0.0 |       0 |      27 |   0.0 |  1011
           D:9 |       0 |    2351 |   0.0 |       0 |      36 |   0.0 |  1241
          D:10 |       0 |    4345 |   0.0 |       0 |      25 |   0.0 |  1573
          D:11 |       0 |    2933 |   0.0 |       0 |      13 |   0.0 |   906
          D:12 |       0 |   15376 |   0.0 |       0 |      80 |   0.0 |  1298
          D:13 |       0 |    8580 |   0.0 |       0 |      34 |   0.0 |   527
          D:14 |       0 |   17166 |   0.0 |       0 |      54 |   0.0 |   799
          D:15 |       0 |   12692 |   0.0 |       0 |      39 |   0.0 |  1149
        Lair:1 |       0 |    2398 |   0.0 |       0 |      13 |   0.0 |  1033
        Lair:2 |       0 |    2935 |   0.0 |       0 |      14 |   0.0 |   547
        Lair:3 |       0 |   15728 |   0.0 |       0 |      38 |   0.0 |  1216
        Lair:4 |       0 |    7027 |   0.0 |       0 |      23 |   0.0 |  1239
        Lair:5 |       0 |   12665 |   0.0 |       0 |      34 |   0.0 |  1391
        Lair:6 |       0 |   21678 |   0.0 |       0 |      89 |   0.0 |  1818
         Orc:1 |       0 |    3163 |   0.0 |       0 |      25 |   0.0 |   565
         Orc:2 |       0 |   22119 |   0.0 |       0 |     131 |   0.0 |  1556
      Depths:1 |       0 |   65178 |   0.0 |       0 |      86 |   0.0 |  1977
      Depths:2 |       0 |   32025 |   0.0 |       0 |      40 |   0.0 |  1319
      Depths:3 |       0 |   18622 |   0.0 |       0 |      19 |   0.0 |   339
           Lab |       0 |    2170 |   0.0 |       0 |       7 |   0.0 |   703
               +---------+---------+-------+---------+---------+-------+---------
